AoeStats
← 0Atlas0

Arena

509990415Analyzed
4v4 RM · 4d ago on Sep 28, 2026· 54m 23s· 8 players
Game mode
Random Map
Map size
Large (8 player)
Population
200
Speed
Normal
Resources
Standard
Victory
Conquest
Starting age
Dark Age
Ending age
Imperial Age
RankedLock teamsTeams togetherTeam positionsShared explorationLock speedFull tech treeHidden civsTurbo modeCheats
Victory
Defeat
🇨🇦 Malay · Canada
1228
+13
🇵🇾 Britons · Paraguay
1226
+13
🇧🇷 Saracens · Brazil
1186
+15
🇵🇹 Portuguese · Portugal
1135
+16
🇺🇸 Cumans · United States
1227
-17
🇺🇸 Celts · United States
1199
-16
🇺🇸 Burgundians · United States
1108
-12
🇺🇸 Saxons · United States
1103
-12
Fortune1621
9:40 Feudal Age
10:23 Double-Bit Axe
10:23 Horse Collar
14:19 Wheelbarrow
14:48 Loom
19:12 Castle Age
19:03 Gold Mining
22:46 Bow Saw
22:26 Town Watch
25:56 Imperial Age
23:46 Bloodlines
23:44 Scale Barding Armor
23:50 Forging
25:05 Stone Mining
26:16 Elite Steppe Lancer
28:00 Iron Casting
28:05 Conscription
28:51 Heavy Plow
29:28 Chain Barding Armor
31:32 Ballistics
31:23 Masonry
31:43 Steppe Husbandry
32:50 Plate Barding Armor
34:09 Blast Furnace
33:45 Fletching
33:43 Elite Skirmisher
34:52 Hand Cart
36:11 Chemistry
36:03 Gold Shaft Mining
36:09 Padded Archer Armor
36:29 Bodkin Arrow
37:42 Cavalier
39:23 Leather Archer Armor
40:23 Cuman Mercenaries
41:15 Paladin
45:36 Light Cavalry
54:22 Hoardings
matt.rielly.lewis
5:04 Double-Bit Axe
11:08 Feudal Age
15:11 Castle Age
13:43 Bow Saw
13:45 Horse Collar
14:26 Heavy Plow
15:44 Scale Barding Armor
18:33 Cavalier
0Atlas0
11:11 Feudal Age
12:31 Horse Collar
13:01 Double-Bit Axe
15:24 Castle Age
22:46 Wheelbarrow
21:58 Loom
22:03 Town Watch
22:33 Bow Saw
22:47 Gold Mining
23:24 Heavy Plow
24:01 Stone Mining
24:41 Hand Cart
26:33 Gold Shaft Mining
28:09 Scale Mail Armor
28:19 Forging
30:41 Imperial Age
28:53 Squires
28:38 Gambesons
28:39 Arson
29:11 Chain Mail Armor
30:45 Iron Casting
30:29 Fletching
30:39 Padded Archer Armor
31:15 Ballistics
31:07 Masonry
31:00 Crossbowman
32:11 Thumb Ring
32:05 Bodkin Arrow
32:39 Conscription
32:42 Elite Varangian Guard
33:09 Shield Wall
33:31 Arbalester
34:20 Bracer
34:45 Leather Archer Armor
35:32 Plate Mail Armor
34:34 Pikeman
35:25 Halberdier
36:10 Murder Holes
37:18 Chemistry
37:21 Ring Archer Armor
40:56 Siege Engineers
41:22 Architecture
48:33 Elite Skirmisher
49:14 Treadmill Crane
49:45 Fortified Wall
52:10 Hoardings
50:59 Elite Hearth Troop
gaurioles
9:56 Feudal Age
10:00 Feudal Age
11:34 Loom
12:26 Wheelbarrow
13:01 Double-Bit Axe
19:04 Castle Age
Big Testicles
12:00 Feudal Age
12:40 Feudal Age
12:19 Loom
12:56 Loom
16:11 Castle Age
14:02 Double-Bit Axe
13:59 Horse Collar
15:07 Gold Mining
16:01 Bow Saw
17:50 Scale Barding Armor
18:33 Forging
20:51 Husbandry
22:54 Iron Casting
22:26 Heavy Plow
22:56 Town Watch
24:05 Wheelbarrow
25:09 Gold Shaft Mining
25:45 Hand Cart
31:59 Imperial Age
30:58 Elite Battle Elephant
32:53 Blast Furnace
33:00 Masonry
36:20 Chemistry
35:16 Capped Ram
39:20 Siege Engineers
47:38 Treadmill Crane
AOE2 Gabrivet7
11:04 Feudal Age
11:32 Double-Bit Axe
11:28 Horse Collar
16:19 Castle Age
15:09 Fletching
15:16 Gold Mining
16:52 Wheelbarrow
17:23 Bow Saw
17:17 Heavy Plow
17:40 Loom
25:12 Hand Cart
27:46 Imperial Age
25:26 Padded Archer Armor
25:52 Bodkin Arrow
26:53 Leather Archer Armor
26:58 Town Watch
28:01 Cranequins
29:02 Bracer
30:04 Chemistry
29:25 Ballistics
29:31 Husbandry
29:49 Heavy Mounted Crossbowman
31:51 Ring Archer Armor
34:48 Town Patrol
37:49 Two-Man Saw
36:36 Elite Longbowman
37:42 Conscription
44:38 Hoardings
43:34 Sappers
44:23 Warwolf
55:09 Gold Shaft Mining
54:25 Stone Mining
54:48 Masonry
Zé Gui
11:31 Feudal Age
9:47 Loom
15:40 Castle Age
13:40 Double-Bit Axe
14:38 Fletching
15:08 Horse Collar
17:03 Bow Saw
16:47 Stone Mining
17:02 Heavy Plow
17:41 Gold Mining
21:55 Bodkin Arrow
26:20 Stone Shaft Mining
30:18 Imperial Age
29:58 Wheelbarrow
29:55 Ballistics
29:46 Fortified Wall
29:32 Murder Holes
31:03 Masonry
32:03 Chemistry
31:19 Masonry
31:04 Murder Holes
33:59 Bombard Tower
36:50 Hand Cart
38:19 Arquebus
39:41 Architecture
40:36 Siege Engineers
43:08 Treadmill Crane
grain8720
9:25 Feudal Age
12:39 Fletching
17:15 Horse Collar
18:47 Double-Bit Axe
23:41 Gold Mining
24:16 Padded Archer Armor
26:55 Castle Age
30:48 Imperial Age
28:51 Bodkin Arrow
28:18 Crossbowman
28:53 Loom
29:45 Wheelbarrow
29:49 Padded Archer Armor
31:31 Gold Shaft Mining
31:07 Bow Saw
30:56 Arbalester
33:43 Ballistics
34:24 Bracer
35:25 Chemistry
35:45 Leather Archer Armor
38:18 Hand Cart
39:55 Thumb Ring
43:44 Ring Archer Armor
44:01 Conscription
47:17 Stone Mining
47:38 Elite Skirmisher
49:21 Elite Mameluke
51:09 Two-Man Saw
50:10 Heavy Plow
Connection lost

Rejoining the realm…

Still unreachable

The connection could not be restored.

Session expired

The server has moved on; the page needs a fresh start.